 Dungeon Crawl Stone Soup version 0.30-a0-149-g7f746667c4 (webtiles) character file.

Game seed: 2224500498373869049

1950 Sobieck the Covert (level 9, -1/42 HPs)
             Began as a Vine Stalker Brigand on Sept 26, 2022.
             Was a Believer of Uskayaw.
             Slain by a gnoll sergeant
             ... wielding a +2 trident of venom
              (5 damage)
             ... on level 6 of the Dungeon.
             The game lasted 00:13:16 (6475 turns).

Sobieck the Covert (Vine Stalker Brigand)           Turns: 6475, Time: 00:13:17

Health: -1/42      AC:  6    Str: 14    XL:     9   Next: 18%
Magic:  0/10       EV: 13    Int: 11    God:    Uskayaw [**....]
Gold:   509        SH:  0    Dex: 20    Spells: 8/8 levels left

rFire   . . .      SeeInvis .    a - +3 dagger (drain) {short}
rCold   . . .      Faith    .    (no shield)
rNeg    . . .      Spirit   +    x - +0 robe
rPois   .          Reflect  .    G - +0 helmet
rElec   .          Harm     .    c - +1 cloak
rCorr   .          Rampage  .    (no gloves)
Will    +....                    v - +0 pair of boots
Stlth   +++++.....               (no amulet)
HPRegen 0.94/turn                (no ring)
MPRegen 0.12/turn                (no ring)

@: no status effects
A: fangs 3, regeneration 1, magic shield, antimagic bite, no potion heal 2
a: Renounce Religion, Stomp, Line Pass


You were on level 6 of the Dungeon.
You worshipped Uskayaw.
Uskayaw was noncommittal.
You visited 2 branches of the dungeon, and saw 7 of its levels.
You also visited: Ossuary.

You collected 509 gold pieces.


Innate Abilities, Weirdness & Mutations

You have razor-sharp teeth.
Your natural rate of healing is unusually fast.
When hurt, damage is shared between your health and your magic reserves.
Your bite disrupts and absorbs the magic of your enemies.
Potions cannot restore your health.


   Skills:
 - Level 2.0 Fighting
 - Level 6.0 Short Blades
 - Level 1.7 Throwing
 - Level 3.0 Dodging
 + Level 12.7 Stealth


You had 8 spell levels left.
You didn't know any spells.
Your spell library contained the following spells:

 Spells                   Type           Power      Damage    Failure   Level
 Static Discharge         Conj/Air       0%         2-2/arc   47%         2
 Gell's Gravitas          Tloc           0%         N/A       71%         3
 Ignite Poison            Fire/Tmut/Pois 0%         N/A       71%         3
 Teleport Other           Tloc           0%         N/A       71%         3
 Olgreb's Toxic Radiance  Pois           0%         N/A       98%         4
 Sticky Flame             Conj/Fire      0%         2d3       98%         4
 Arcjolt                  Conj/Air       0%         1d10      100%        5
 Lightning Bolt           Conj/Air       0%         1d11      100%        5
 Dispersal                Tloc           0%         N/A       100%        6
 Ozocubu's Refrigeration  Ice            0%         4d7       100%        7
 Ignition                 Fire           0%         3d3       100%        8
 Maxwell's Capacitive Co  Air            0%         ∞         100%        8

Inventory:

Hand Weapons
 a - a +3 dagger of draining (weapon) {short}
   (You took it off a goblin on level 1 of the Dungeon)
 b - a +5 sling
   (You found it on level 2 of the Dungeon)
 o - a +2 dagger {short}
 K - a +2 short sword of freezing {short}
   (You took it off a kobold on level 4 of the Dungeon)
 U - a +4 dagger {short}
   (You took it off an orc on level 6 of the Dungeon)
 V - a +1 war axe of distortion {!waxe}
   (You found it on level 6 of the Dungeon)
 Y - a +0 rapier {short}
   (You found it on level 6 of the Dungeon)
 Z - a +2 halberd of protection {polearm}
   (You found it on level 6 of the Dungeon)
Missiles
 d - 35 poisoned darts (quivered) {throwing}
 e - 3 curare-tipped darts {=fthrowing}
 f - 2 throwing nets {=f!fthrowing}
 i - 118 stones {throwing}
Armour
 c - a +1 cloak (worn)
 h - a +0 ring mail
   (You found it on level 1 of the Dungeon)
 k - a +0 ring mail
   (You found it on level 4 of the Dungeon)
 n - a +0 leather armour
   (You found it on level 1 of the Dungeon)
 q - a +0 ring mail
   (You found it on level 1 of the Dungeon)
 s - a +0 ring mail
   (You found it on level 1 of the Dungeon)
 t - a +0 robe
   (You took it off an orc wizard on level 4 of the Dungeon)
 u - a +0 leather armour
   (You found it on level 2 of the Dungeon)
 v - a +0 pair of boots (worn)
   (You found it on level 2 of the Dungeon)
 x - a +0 robe (worn)
 z - a +0 robe
   (You took it off Jessica on level 2 of the Dungeon)
 D - a +0 leather armour
   (You found it on level 3 of the Dungeon)
 E - a +0 robe
   (You took it off an orc wizard on level 2 of the Dungeon)
 F - a +0 robe
   (You took it off Sigmund on level 3 of the Dungeon)
 G - a +0 helmet (worn)
   (You found it on level 3 of the Dungeon)
 H - a +0 leather armour
   (You took it off an orc on level 3 of the Dungeon)
 I - a +0 leather armour
   (You found it on level 4 of the Dungeon)
 J - a +0 leather armour
   (You found it on level 4 of the Dungeon)
 M - a +0 ring mail
   (You took it off an orc on level 5 of the Dungeon)
 N - a +0 robe
   (You took it off an orc wizard on level 4 of the Dungeon)
 P - a +3 scale mail
   (You took it off a gnoll sergeant on level 5 of the Dungeon)
 R - a +0 leather armour
   (You took it off an orc priest on level 6 of the Dungeon)
 S - a +0 chain mail
   (You took it off an orc on level 6 of the Dungeon)
 T - a +0 leather armour
   (You took it off an orc on level 6 of the Dungeon)
 X - a +0 robe
   (You found it on level 6 of the Dungeon)
Jewellery
 y - a ring of positive energy
   (You found it on level 2 of the Dungeon)
Scrolls
 g - a scroll of enchant armour
 m - a scroll of enchant weapon
 r - a scroll of vulnerability {!r!r}
 B - a scroll of teleportation {@r4}
 Q - a scroll of immolation {unknown}
Potions
 j - a potion of flight
 p - a potion of invisibility {unknown}
 w - a potion of magic {unknown}
 A - a potion of berserk rage {unknown}
 C - 2 potions of heal wounds {@q2}
 L - a potion of ambrosia {unknown}
 O - a potion of might {unknown}
 W - a potion of lignification {unknown}

Dungeon Overview and Level Annotations

Branches:
Dungeon (6/15) Zot: 26321  Temple (1/1) D:6 Zot: 5989 Ossuary (visited)

Altars:
Cheibriados
Dithmenos
Elyvilon
Fedhas
Gozag
Hepliaklqana
Kikubaaqudgha
Makhleb
Nemelex Xobeh
Okawaru
Qazlal
Ru
Sif Muna
Trog
Uskayaw
Vehumet
Wu Jian
Xom
Yredelemnul
Zin
The Shining One

#.##..# ... #.##..##### .. ~~
#.##[...... #. ###... ..
#.##.#####. #. .....## ##. #.##.#
#. ..##...#..## #.. ##.##.#####.
.#..#.#....###.# #...........
.#....#..#.<...#######.....######
..#....##.......@g)......###
.....>..........######.#.#
..##....#...#.#.######.#.#
.#..#....#..........##.#.#
...†#.#..#..#.#.###.##.#.#
...#...##.......# #.#.#
.#.........##.### #.#.#
.###..##...##.# #.#.#
....[.........# #.#


You could see a gnoll sergeant (very drained).


Message History

a +0 spear {polearm}; 2 throwing nets {=f!fthrowing} Unknown command.
Your pack is full.
Things that are here:
a +0 spear {polearm}; 2 throwing nets {=f!fthrowing} Could not pick up 2 throwing nets {=f!fthrowing} here; ([A]lways) ignore it?
Okay, then.
Unknown command.
You drop a +0 scale mail.
f - 2 throwing nets {=f!fthrowing}
Things that are here:
a +0 scale mail; a +0 spear {polearm}
Things that are here:
a +0 dagger {short}; a +0 leather armour; an orc skeleton You see here a +0 dagger {short}.
You see here a +0 dagger {short}.
Things that are here:
a +0 dagger {short}; a +0 leather armour; an orc skeleton Unknown command.
Danger!
The gnoll sergeant shouts!
The gnoll shouts!
You hit the gnoll. You drain the gnoll. Your bite misses the gnoll.
You hit the gnoll. Your bite misses the gnoll. The gnoll misses you.
You hit the gnoll but do no damage. The gnoll misses you.
The gnoll closely misses you. The gnoll misses you.
You hit the gnoll. You bite the gnoll. You drain its power.
The gnoll hits you but does no damage.
You hit the gnoll but do no damage. You hit the gnoll. You drain the gnoll.
Your bite misses the gnoll. The gnoll misses you.
The gnoll sergeant hits you from afar with a +2 trident of venom!
You are poisoned.
You hit the gnoll.
You kill the gnoll!
You feel sick. The gnoll sergeant closely misses you.
You can now pass through a line of other dancers.
You feel sick. The gnoll sergeant misses you.
You see here a +0 spear {polearm}.
Unknown command.
Aiming: Line Pass
Press: ? - help, Dir - move target The gnoll sergeant appears confused.
The gnoll appears confused.
You can no longer pass through a line of other dancers.
You feel sick.
The gnoll sergeant hits the gnoll with a +2 trident of venom!
The gnoll is killed!
Unknown command.
You feel sick. The gnoll sergeant misses you.
Things that are here:
a +0 club {mace}; a scroll labelled FEUTECIMAT; 8 gold pieces Unknown command.
You barely miss the gnoll sergeant.
You bite the gnoll sergeant, but do no damage.
You hit the gnoll sergeant but do no damage.
You feel sick.
The gnoll sergeant seems less confused.
The gnoll sergeant hits you with a +2 trident of venom!
Unknown command.
You barely miss the gnoll sergeant.
You feel sick. The gnoll sergeant closely misses you.
You hit the gnoll sergeant. You drain the gnoll sergeant.
Unknown command.
The gnoll sergeant blocks your attack.
Your bite misses the gnoll sergeant.
You feel sick.
The gnoll sergeant hits you with a +2 trident of venom.
* * * LOW HITPOINT WARNING * * *
You are more poisoned.
The gnoll sergeant blocks your attack.
Your punch misses the gnoll sergeant. Your bite misses the gnoll sergeant.
You feel sick.
The gnoll sergeant hits you with a +2 trident of venom!
* * * LOW HITPOINT WARNING * * *
You are lethally poisoned!
You hit the gnoll sergeant but do no damage.
You drain the gnoll sergeant.
* * * LOW HITPOINT WARNING * * *
You feel very sick.
The gnoll sergeant hits you with a +2 trident of venom!
* * * LOW HITPOINT WARNING * * *
You are more poisoned.
Your system rejects the healing.
You feel better.
The gnoll sergeant hits you with a +2 trident of venom.
* * * LOW HITPOINT WARNING * * *
You hit the gnoll sergeant but do no damage.
You drain the gnoll sergeant.
You can now pass through a line of other dancers.
Okay, then.
Unknown command.
Okay, then.
Unknown command.
You barely miss the gnoll sergeant.
You bite the gnoll sergeant, but do no damage.
The gnoll sergeant barely misses you.
Unknown command.
Unknown command.
Okay, then.
Unknown command.
The gnoll sergeant blocks your attack.
You bite the gnoll sergeant, but do no damage.
The gnoll sergeant hits you with a +2 trident of venom.
You die...

Skill      XL: |  1  2  3  4  5  6  7  8  9 |
---------------+----------------------------+-----
Short Blades   | 2 3 5 6 |  6.0
Stealth        | 5 6 7 9 10 12 | 12.7
Fighting       | 2 |  2.0
Dodging        | 1 2 3 |  3.0
Throwing       | |  1.7

Action                   |  1- 3 |  4- 6 |  7- 9 || total
-------------------------+-------+-------+-------++-------
Melee: Dagger            |    73 |   150 |   278 ||   501
       Bite              |    11 |    30 |    85 ||   126
       Punch             |     2 |       |     4 ||     6
 Fire: Sling             |       |       |    76 ||    76
Invok: Line Pass         |       |       |     2 ||     2
  Use: Scroll            |       |       |    13 ||    13
       Potion            |       |       |     2 ||     2
 Stab: Sleeping          |     5 |     9 |    10 ||    24
       Distracted        |       |       |     1 ||     1
Armor: Robe              |    22 |    39 |    72 ||   133
Dodge: Dodged            |    42 |    93 |   216 ||   351

Levels and vault maps discovered:
D:1:      wander_arrival_chamber, layout_basic, minivault_14
D:2:      layout_loops_ring, shapermc_ecumenical_altar_hornbeckon, uniq_jessica
D:3:      minmay_goblin_kobold_castle, layout_basic,
          corexii_item_surrounded_by_moat, uniq_sigmund
D:4:      layout_rooms, nicolae_overflow_crystal_walls, serial_rivers,
          chequers_serial_rivers_small_b, chequers_serial_rivers_micro_e,
          chequers_serial_rivers_small_b, chequers_serial_rivers_small_b,
          chequers_serial_rivers_small_b, chequers_serial_rivers_large_a,
          kennysheep_orc_chapel
D:5:      nicolae_cairo_tiling_large_dashed, layout_loops_ring,
          nicolae_gozag_cash_rules_everything_around_me,
          nemelex_dance_club_becter, gammafunk_temple_overflow_wave,
          nicolae_ossuary_entry_false_entrances, kennysheep_small_square
D:6:      layout_loops_ring, fiery_altar_vehumet,
          minmay_temple_entry_mini_moons, minmay_misc_feat_nine_boxes,
          chequers_serial_rivers_micro_a
Temple:   minmay_freezing_vapour_temple

Notes
Turn   | Place    | Note
-------+----------+-------------------------------------------
     0 | D:1      | Sobieck the Vine Stalker Brigand began the quest for the
                  | Orb.
     0 | D:1      | Reached XP level 1. HP: 11/11 MP: 2/2
   115 | D:1      | Reached skill level 2 in Short Blades
   115 | D:1      | Reached skill level 5 in Stealth
   120 | D:1      | Reached XP level 2. HP: 14/15 MP: 1/3
   383 | D:1      | You add the spells Gell's Gravitas, Teleport Other and
                  | Dispersal to your library.
  1015 | D:2      | Reached XP level 3. HP: 9/18 MP: 4/4
  1080 | D:2      | Reached skill level 6 in Stealth
  1391 | D:2      | You add the spells Ignite Poison and Sticky Flame to your
                  | library.
  1436 | D:2      | Noticed Jessica
  1443 | D:2      | Killed Jessica
  1444 | D:2      | Gained mutation: Your natural rate of healing is unusually
                  | fast. [Vine Stalker growth]
  1444 | D:2      | Reached XP level 4. HP: 23/23 MP: 5/5
  1616 | D:2      | Reached skill level 7 in Stealth
  2008 | D:2      | Found a faded altar of an unknown god.
  2076 | D:3      | Reached XP level 5. HP: 26/26 MP: 6/6
  2329 | D:2      | Reached skill level 8 in Stealth
  2651 | D:3      | Noticed a kobold brigand
  2694 | D:3      | Killed a kobold brigand
  2695 | D:3      | Reached skill level 9 in Stealth
  2695 | D:3      | Reached XP level 6. HP: 30/30 MP: 7/7
  2890 | D:3      | Noticed Sigmund
  3092 | D:3      | Killed Sigmund
  3093 | D:3      | Reached skill level 10 in Stealth
  3093 | D:3      | Reached skill level 2 in Fighting
  3093 | D:3      | Reached skill level 1 in Dodging
  3093 | D:3      | Reached XP level 7. HP: 29/35 MP: 6/8
  3611 | D:3      | Reached skill level 2 in Dodging
  3954 | D:4      | Reached skill level 3 in Short Blades
  4133 | D:4      | You add the spells Olgreb's Toxic Radiance, Ozocubu's
                  | Refrigeration and Ignition to your library.
  4202 | D:4      | Found a sacrificial altar of Ru.
  4235 | D:4      | Gained mutation: You have razor-sharp teeth. [Vine Stalker
                  | growth]
  4235 | D:4      | Reached XP level 8. HP: 39/39 MP: 9/9
  4637 | D:5      | Entered Level 5 of the Dungeon
  4703 | D:4      | Reached skill level 3 in Dodging
  4703 | D:4      | Reached skill level 11 in Stealth
  4712 | D:5      | Reached skill level 4 in Short Blades
  4858 | D:5      | Found a sand-covered staircase.
  4904 | Ossuary  | Entered an ossuary
  5156 | D:5      | HP: 8/39 [gnoll/+0 club[a gnoll sergeant] (4)]
  5279 | D:5      | You pick up a book of Lightning and begin reading...
  5279 | D:5      | You add the spells Static Discharge, Lightning Bolt,
                  | Arcjolt and Maxwell's Capacitive Coupling to your library.
  5349 | D:5      | Reached skill level 5 in Short Blades
  5379 | D:5      | Found a glowing golden altar of the Shining One.
  5379 | D:5      | Found a shimmering blue altar of Sif Muna.
  5614 | D:5      | Found an opulent altar of Gozag.
  5729 | D:5      | Found a sparkling altar of Nemelex Xobeh.
  5742 | D:5      | Reached skill level 12 in Stealth
  5972 | D:6      | Reached XP level 9. HP: 42/42 MP: 10/10
  6044 | D:6      | Found a staircase to the Ecumenical Temple.
  6065 | Temple   | Entered the Ecumenical Temple
  6070 | Temple   | Became a worshipper of Uskayaw the Reveller
  6101 | D:6      | Reached * piety under Uskayaw
  6108 | D:6      | Reached ** piety under Uskayaw
  6112 | D:6      | Reached skill level 6 in Short Blades
  6143 | D:6      | HP: 9/42 [poisoned by a gnoll sergeant]
  6392 | D:6      | Found a radiant altar of Vehumet.
  6471 | D:6      | HP: 9/42 [poisoned by a gnoll sergeant]
  6471 | D:6      | HP: 2/42 [gnoll sergeant/+2 trident of venom (7)]
  6475 | D:6      | Slain by a gnoll sergeant

Vanquished Creatures
  Sigmund (D:3)
  A water moccasin (D:6)
  A sky beast (D:6)
  An ogre (D:5)
  3 kobold brigands
  2 phantoms (D:4)
  A gnoll sergeant (D:5)
  3 scorpions
  A hound (D:5)
  3 jellies
  2 orc priests
  Jessica (D:2)
  9 iguanas
  3 orc wizards
  16 gnolls
  8 adders
  2 white imps
  6 worms
  2 dart slugs
  16 orcs
  2 ball pythons
  6 endoplasms
  A giant cockroach (D:2)
  9 goblins
  12 hobgoblins
  13 jackals
  46 kobolds
  4 quokkas
  4 bats
  2 frilled lizards
  A hobgoblin zombie (Ossuary)
  4 rats
186 creatures vanquished.

Vanquished Creatures (others)
  An adder (D:6)
  An orc (D:6)
  7 plants (D:2)
9 creatures vanquished.

Grand Total: 195 creatures vanquished

Table legend:
 A = Non-vault XP
 B = Vault XP
 C = Vault XP percentage of total XP
 D = Non-vault monster count
 E = Vault monster count
 F = Vault count percentage of total count
                 A         B        C        D         E       F
            +---------+---------+-------+---------+---------+-------
      Total |    1778 |    1008 |  36.2 |     125 |      62 |  33.2
            +---------+---------+-------+---------+---------+-------
        D:1 |      29 |       0 |   0.0 |      18 |       0 |   0.0
        D:2 |     137 |     129 |  48.5 |      30 |       3 |   9.1
        D:3 |      49 |     599 |  92.4 |      17 |      51 |  75.0
        D:4 |     542 |      82 |  13.1 |      23 |       4 |  14.8
        D:5 |     515 |     197 |  27.7 |      23 |       3 |  11.5
        D:6 |     506 |       0 |   0.0 |      14 |       0 |   0.0
    Ossuary |       0 |       1 | 100.0 |       0 |       1 | 100.0
            +---------+---------+-------+---------+---------+-------

Illustrated notes

Table legend:
 A = Kills in this place as a percentage of kills in entire the game.
 B = Kills by you in this place as a percentage of kills by you in the entire game.
 C = Kills by friends in this place as a percentage of kills by friends in the entire game.
 D = Other kills in this place as a percentage of other kills in the entire game.
 E = Experience gained in this place as a percentage of experience gained in the entire game.
 F = Experience gained in this place divided by the number of levels of this place that you have seen.
                   A       B       C       D       E      F
               +-------+-------+-------+-------+-------+----------------------
         Total | 100.0 | 100.0 |   N/A | 100.0 | 100.0 | 348.2
       Dungeon |  99.5 |  99.5 |   N/A | 100.0 | 100.0 | 464.2
       Ossuary |   0.5 |   0.5 |   N/A |   0.0 |   0.0 |   1.0
               +-------+-------+-------+-------+-------+----------------------

Table legend: (Time is in decaauts)
 A = Elapsed time spent in this place.
 B = Non-inter-level travel time spent in this place.
 C = Inter-level travel time spent in this place.
 D = Time resting spent in this place.
 E = Time spent auto-exploring this place.
 F = Levels seen in this place.
 G = Mean time per level.
                   A        B        C        D        E       F      G
               +--------+--------+--------+--------+--------+-----+--------+
         Total |   6456 |   6184 |    272 |    405 |   4143 |   8 |  807.0 |
       Dungeon |   6434 |   6167 |    267 |    405 |   4143 |   6 | 1072.3 |
        Temple |     10 |      5 |      5 |      0 |      0 |   1 |   10.0 |
       Ossuary |     11 |     11 |      0 |      0 |      0 |   1 |   11.0 |
               +--------+--------+--------+--------+--------+-----+--------+

Top non-repeatable levels by time:
     D:3: 1763 daAuts
     D:2: 1180 daAuts
     D:5: 1074 daAuts
     D:1: 999 daAuts
     D:4: 756 daAuts
     D:6: 661 daAuts
 Ossuary: 11 daAuts
  Temple: 10 daAuts
